 Dungeon Crawl Stone Soup version 0.27-a0-978-g2aa4ecdaef (webtiles) character file.

Game seed: 3629783106954847973

91 Vyxn the Caller (level 4, -2/24 HPs)
             Began as a Deep Elf Summoner on Apr 14, 2021.
             Slain by leviel's ghost (8 damage)
             ... on level 3 of the Dungeon.
             The game lasted 00:08:59 (3482 turns).

Vyxn the Caller (Deep Elf Summoner)                 Turns: 3482, Time: 00:09:00

Health: -2/24      AC:  2    Str:  6    XL:     4   Next: 34%
Magic:  9/12       EV: 12    Int: 20    God:
Gold:   185        SH:  0    Dex: 15    Spells: 7/11 levels left

rFire    . . .     SeeInvis .   o - +4 dagger
rCold    . . .     Faith    .   (no shield)
rNeg     . . .     Spirit   .   a - +0 robe
rPois    .         Reflect  .   (no helmet)
rElec    .         Harm     .   (no cloak)
rCorr    .         Rampage  .   (no gloves)
Will     .....                  (no boots)
Stlth    ++........             (no amulet)
HPRegen  0.08/turn              (no ring)
MPRegen  0.13/turn              (no ring)

@: brilliant
A: no striking features
a: no special abilities


You were on level 3 of the Dungeon.
You visited 1 branch of the dungeon, and saw 3 of its levels.

You collected 185 gold pieces.

Inventory:

Hand Weapons
 o - a +4 dagger (weapon)
Armour
 a - a +0 robe (worn)
Magical Staves
 b - a staff of cold
Scrolls
 e - 3 scrolls of identify {unknown}
 f - a scroll of vulnerability {unknown}
 g - a scroll of teleportation {unknown}
 j - a scroll of fear {unknown}
 l - a scroll of fog {unknown}
 m - a scroll of enchant armour {unknown}
 n - a scroll of acquirement {unknown}
Potions
 c - a potion of heal wounds {unknown}
 i - a potion of brilliance
 k - a potion of cancellation {unknown}


   Skills:
 - Level 2.4 Dodging
 + Level 3.5 Stealth
 + Level 4.0 Spellcasting
 * Level 5.5 Summonings


You had 7 spell levels left.
You knew the following spells:

 Your Spells              Type           Power      Damage    Failure   Level
a - Summon Small Mammal   Summ           100%       N/A       1%          1
b - Call Canine Familiar  Summ           39%        N/A       3%          3

Your spell library contained the following spells:

 Spells                   Type           Power      Damage    Failure   Level
 Call Imp                 Summ           39%        N/A       1%          2
 Summon Guardian Golem    Hex/Summ       22%        N/A       12%         3
 Summon Ice Beast         Ice/Summ       22%        N/A       38%         4
 Summon Lightning Spire   Summ/Air       22%        N/A       38%         4


Dungeon Overview and Level Annotations

Branches:
Dungeon (3/15)

Altars:
Hepliaklqana

Portals:
Abyss: D:3

Annotations:
D:3 Robin; leviel's ghost, amateur MiFi


Message History

Confirm with . or Enter, or press ? or * to list all spells.
Your quokka barely misses the shadow imp.
The shadow imp closely misses your quokka.
Casting: Summon Small Mammal (safe; 1% risk of failure)
Confirm with . or Enter, or press ? or * to list all spells.
Your bat barely misses the iron imp.
The iron imp closely misses your bat.
Your quokka barely misses the shadow imp.
The crimson imp hits your quokka. The shadow imp hits your quokka.
You swap places.
Your quokka barely misses the crimson imp.
The crimson imp completely misses your quokka.
It was a potion of brilliance.
You feel clever all of a sudden.
Your quokka misses the crimson imp.
Leviel's ghost enters a dispersal trap!
The iron imp blinks!
Your bat blinks! x2
The crimson imp blinks!
The shadow imp hits your quokka.
Unknown command.
You feel better.
Your bat hits the shadow imp but does no damage.
Your bat hits the kobold brigand. The quasit barely misses you.
The quasit claws you. The quasit closely misses you.
The kobold brigand enters a dispersal trap!
Leviel's ghost blinks!
The iron imp blinks!
Your bat blinks!
You blink.
The kobold brigand blinks!
The iron imp hits you.
* * * LOW HITPOINT WARNING * * *
The quasit bites your quokka. The quasit claws your quokka.
Your quokka dies!
Your quokka's corpse disappears in a puff of smoke!
Your bat barely misses leviel's ghost.
Leviel's ghost says, "Ah, a second chance to prove myself in battle!"
The kobold brigand misses you. The iron imp completely misses you.
Your bat hits the iron imp but does no damage.
Your bat closely misses leviel's ghost.
Leviel's ghost closely misses you.
Your bat hits the iron imp but does no damage.
There is a transporter here.
You enter the transporter and appear at another place.
Leviel's ghost hits you!
You die...

#.)##b^##.©....##...#
#.##5#.###..#.##....#
#.#5.###...^.©#.....#
#.##.§..###...###...#
#..##5.##.####..##..# #..
#b.#.[..##∩###..#
#.##.#.###...##..#..#
##.#.#.?.###..##.##..#
#..##.|.#.?#@W#..#...#
#####...####..##..##.#...#
....#......####....###..##
....#...#...##..........#
....#<..#.........##.#..#
....'...+.........'....>#
≈≈(.#...#........)##.####
#####...#..÷......##...
#...############.###


You could see leviel's ghost.

Vanquished Creatures
  2 adders
  An endoplasm (D:1)
  A giant cockroach (D:1)
  2 goblins
  A hobgoblin (D:1)
  2 kobolds
  2 frilled lizards
  10 rats
21 creatures vanquished.

Vanquished Creatures (collateral kills)
  A hound (D:3)
  2 adders
  A worm (D:2)
  3 dart slugs
  An orc (D:3)
  2 endoplasms
  2 giant cockroaches (D:3)
  2 hobgoblins
  2 jackals (D:2)
  3 quokkas
  5 ball pythons
  6 bats
  8 goblins
  2 kobolds
  4 rats (D:1)
44 creatures vanquished.

Grand Total: 65 creatures vanquished

Notes
Turn   | Place    | Note
-------+----------+-------------------------------------------
     0 | D:1      | Vyxn the Deep Elf Summoner began the quest for the Orb.
     0 | D:1      | Reached XP level 1. HP: 10/10 MP: 6/6
   468 | D:1      | Found a faded altar of an unknown god.
   602 | D:1      | Reached XP level 2. HP: 12/15 MP: 1/8
  1536 | D:2      | Reached skill level 5 in Summonings
  1536 | D:2      | Reached XP level 3. HP: 19/19 MP: 10/10
  2335 | D:2      | Learned a level 3 spell: Call Canine Familiar
  2370 | D:3      | Noticed Robin
  2711 | D:3      | Found a hazy altar of Hepliaklqana.
  2837 | D:3      | Reached XP level 4. HP: 21/24 MP: 7/11
  3099 | D:3      | Noticed a kobold brigand
  3105 | D:3      | Found a transporter.
  3123 | D:3      | Noticed leviel's ghost (amateur MiFi)
  3163 | D:3      | Found a transporter.
  3228 | D:3      | Found a one-way gate to the infinite horrors of the Abyss.
  3482 | D:3      | Slain by leviel's ghost

Illustrated notes

Levels and vault maps discovered:
D:1:      eino_arrival_tree_alley, layout_basic, basic_ecumenical_altar,
          minmay_misc_feat_rows, minmay_rat_gold_closets
D:2:      layout_rooms, grunt_ministairs_4
D:3:      layout_basic, nicolae_hepliaklqana_hazy_memory,
          gammafunk_ghost_abyssal_escape, chequers_serial_rivers_micro_e,
          uniq_robin

Skill      XL: |  1  2  3  4 |
---------------+-------------+-----
Stealth        | 3 |  3.5
Summonings     | 5 |  5.5
Spellcasting   | 4 |  4.0
Dodging        | |  2.4

Action                   |  1- 3 |  4- 6 || total
-------------------------+-------+-------++-------
Melee: Staff             |     5 |       ||     5
       Dagger            |    33 |     8 ||    41
 Cast: Summon Small Mamm |   122 |    27 ||   149
       Call Canine Famil |       |     1 ||     1
  Use: Potion            |     1 |     2 ||     3
 Stab: Sleeping          |    10 |     1 ||    11
Armor: Robe              |     6 |       ||     6
Dodge: Dodged            |    36 |    14 ||    50

Table legend: (Time is in decaauts)
 A = Elapsed time spent in this place.
 B = Non-inter-level travel time spent in this place.
 C = Inter-level travel time spent in this place.
 D = Time resting spent in this place.
 E = Time spent auto-exploring this place.
 F = Levels seen in this place.
 G = Mean time per level.
                   A        B        C        D        E       F      G
               +--------+--------+--------+--------+--------+-----+--------+
         Total |   3482 |   3377 |    105 |    182 |   2475 |   3 | 1160.7 |
       Dungeon |   3482 |   3377 |    105 |    182 |   2475 |   3 | 1160.7 |
               +--------+--------+--------+--------+--------+-----+--------+

Top non-repeatable levels by time:
     D:1: 1533 daAuts
     D:2: 1082 daAuts
     D:3: 867 daAuts
